 Dungeon Crawl Stone Soup version 0.27.1 (webtiles) character file.

Game seed: 17272717343020667597

45 VictoriousLee the Digger (level 3, -5/19 HPs)
             Began as a Gargoyle Earth Elementalist on Aug 29, 2021.
             Blown up by Ijyb (22 damage)
             ... with a mindburst bolt
             ... on level 2 of the Dungeon.
             The game lasted 00:05:31 (1574 turns).

VictoriousLee the Digger (GrEE)                     Turns: 1574, Time: 00:05:32

Health: -5/19      AC:  7    Str: 11    XL:     3   Next: 64%
Magic:  1/6        EV: 11    Int: 16    God:
Gold:   68         SH:  0    Dex: 10    Spells: 0/6 levels left

rFire    . . .     SeeInvis .   g - +0 mace
rCold    . . .     Faith    .   (no shield)
rNeg     + . .     Spirit   .   e - +0 leather armour
rPois    ∞         Reflect  .   (no helmet)
rElec    +         Harm     .   (no cloak)
rCorr    .         Rampage  .   j - +0 pair of gloves
Will     .....                  (no boots)
Stlth    ++........             (no amulet)
HPRegen  0.06/turn              (no ring)
MPRegen  0.10/turn              (no ring)

@: no status effects
A: sickness immunity, AC +3, negative energy resistance 1, electricity
resistance, torment resistance 1, petrification resistance
a: no special abilities


You were on level 2 of the Dungeon.
You visited 1 branch of the dungeon, and saw 2 of its levels.

You collected 68 gold pieces.

Inventory:

Hand Weapons
 a - a +0 club
 g - a +0 mace (weapon)
 i - a +0 whip
Missiles
 c - 121 stones
 d - 20 poisoned darts
 k - 16 arrows
Armour
 b - a +0 robe
 e - a +0 leather armour (worn)
 j - a +0 pair of gloves (worn)
Scrolls
 f - a scroll of acquirement {unknown}
 h - a scroll of identify {unknown}
 l - a scroll of enchant armour {unknown}


   Skills:
 - Level 1.5 Dodging
 - Level 2.1 Stealth
 - Level 2.0 Spellcasting
 * Level 1.1 Conjurations
 - Level 0.7 Transmutations
 + Level 5.2 Earth Magic


You couldn't memorise any spells.
You knew the following spells:

 Your Spells              Type           Power      Damage    Failure   Level
a - Stone Arrow           Conj/Erth      22%        3d8       22%         3
p - Passwall              Tmut/Erth      9%         N/A       12%         2
s - Sandblast             Erth           36%        2d10      3%          1

Your spell library contained the following spells:

 Spells                   Type           Power      Damage    Failure   Level
 Petrify                  Tmut/Erth      11%        N/A       63%         4


Dungeon Overview and Level Annotations

Branches:
Dungeon (2/15)

Altars:
Xom

Annotations:
D:2 Ijyb


Innate Abilities, Weirdness & Mutations

You are immune to sickness and miasma.
Your stone body is resilient. (AC +3)
You are immune to poison.
You resist negative energy. (rN+)
You are resistant to electric shocks. (rElec)
You are resistant to unholy torment.
You are immune to petrification.


Message History

You miscast Sandblast.
You are very lightly contaminated with residual magic.
Nothing appears to happen.
Aiming: Sandblast (safe; 3% risk of failure)
Press: ? - help, Q - select action, (/) - cycle Shift-Dir - straight line, f/p - goblin
Aim: a goblin, wielding a +0 club (74% to hit)
The blast of sand hits the goblin!
You kill the goblin!
Things that are here:
a +0 club; 12 gold pieces
Aiming: Sandblast (safe; 3% risk of failure)
Press: ? - help, Q - select action, (/) - cycle Shift-Dir - straight line, f - Ijyb
Aim: Ijyb, wielding a +0 club, wearing a +0 ring mail, wearing an amulet of guardian spirit and carrying a wand of mindburst (17) (77% to hit)
The blast of sand misses Ijyb.
Aiming: Sandblast (safe; 3% risk of failure)
Press: ? - help, Q - select action, (/) - cycle Shift-Dir - straight line, f/p - Ijyb
Aim: Ijyb, wielding a +0 club, wearing a +0 ring mail, wearing an amulet of guardian spirit and carrying a wand of mindburst (17) (77% to hit)
The blast of sand hits Ijyb but does no damage.
Ijyb hits you but does no damage.
Casting: Sandblast (safe; 3% risk of failure)
Confirm with . or Enter, or press ? or * to list all spells.
Aiming: Sandblast (safe; 3% risk of failure)
Press: ? - help, Shift-Dir - straight line, f/p - Ijyb
Aim: Ijyb, wielding a +0 club, wearing a +0 ring mail, wearing an amulet of guardian spirit and carrying a wand of mindburst (17) (77% to hit)
The blast of sand hits Ijyb but does no damage.
Ijyb hits you but does no damage. Ijyb hits you with a +0 club.
Your magical contamination has completely faded away.
Casting: Sandblast (safe; 3% risk of failure)
Confirm with . or Enter, or press ? or * to list all spells.
Aiming: Sandblast (safe; 3% risk of failure)
Press: ? - help, Shift-Dir - straight line, f/p - Ijyb
Aim: Ijyb, wielding a +0 club, wearing a +0 ring mail, wearing an amulet of guardian spirit and carrying a wand of mindburst (17) (77% to hit)
The blast of sand hits Ijyb.
Ijyb is lightly wounded.
Ijyb barely misses you.
Ijyb zaps a wand.
Your mind is blasted!
Ijyb zaps a wand.
Your mind is blasted!
Ouch! That really hurt!
You die...

#..# #......# ##.##
#......# #..# #......#
##.## #......# #..#
#......# ##.## #.######
#######..#######.#
.............>...#
##........###.##@#
#........###.##.#
#.........##.##.#
#.......#.##.##g#
#.......#..#.##g#
##.......##.#.##.########
...................g.)..#
#######.###)#.#########.#
# #.###...# #.##


You could see Ijyb and a goblin.

Vanquished Creatures
  2 adders (D:2)
  A dart slug (D:2)
  3 endoplasms
  A giant cockroach (D:1)
  3 goblins (D:2)
  4 hobgoblins (D:1)
  A ball python (D:1)
  3 bats (D:1)
  A frilled lizard (D:2)
  5 kobolds
  A rat (D:1)
25 creatures vanquished.

Notes
Turn   | Place    | Note
-------+----------+-------------------------------------------
     0 | D:1      | VictoriousLee the Gargoyle Earth Elementalist began the
                  | quest for the Orb.
     0 | D:1      | Reached XP level 1. HP: 10/10 MP: 3/3
   130 | D:1      | Reached skill level 4 in Earth Magic
   475 | D:1      | Reached XP level 2. HP: 12/15 MP: 5/5
  1093 | D:1      | You fall into a shaft and drop 1 floor!
  1131 | D:2      | Found a shimmering altar of Xom.
  1240 | D:2      | Reached skill level 5 in Earth Magic
  1240 | D:2      | Reached XP level 3. HP: 19/19 MP: 0/6
  1336 | D:2      | Learned a level 3 spell: Stone Arrow
  1339 | D:2      | Learned a level 2 spell: Passwall
  1486 | D:2      | Reached skill level 1 in Conjurations
  1545 | D:2      | Noticed Ijyb
  1574 | D:2      | Blown up by Ijyb

Illustrated notes

Levels and vault maps discovered:
D:1:      erik_arrival_orb_chamber, layout_basic
D:2:      kennysheep_the_goblin_king, layout_basic, basic_altar

Skill      XL: |  1  2  3 |
---------------+----------+-----
Earth Magic    | 4 5 |  5.2
Conjurations   | 1 |  1.1
Dodging        | |  1.5
Stealth        | |  2.1
Spellcasting   | |  2.0
Transmutations | |  0.7

Action                   || total
-------------------------++-------
Melee: Club              ||    15
       Unarmed           ||    12
       Mace              ||    21
 Cast: Sandblast         ||    29
 Stab: Sleeping          ||     1
Armor: Robe              ||     5
       Leather armour    ||    18
Dodge: Dodged            ||    40
